 Dungeon Crawl Stone Soup version 0.21-a0-529-g8c7b3f5d53 (webtiles) character file.

60 JackS81 the Cudgeler (level 3, 0/36 HPs)
             Began as a Troll Berserker on Dec 10, 2017.
             Was a Believer of Trog.
             Slain by an orc wizard
             ... wielding a +0 dagger
              (3 damage)
             ... on level 2 of the Dungeon.
             The game lasted 00:03:59 (993 turns).

JackS81 the Cudgeler (Troll Berserker)               Turns: 993, Time: 00:04:00

Health: 0/36       AC:  5    Str: 25    XL:     3   Next: 82%
Magic:  2/2        EV: 10    Int:  3    God:    Trog [**....]
Gold:   52         SH:  0    Dex: 10    Spells: 2/2 levels left

rFire    . . .     SeeInvis .   i - +4 whip (holy)
rCold    . . .     Gourm    +   (no shield)
rNeg     . . .     Faith    .   b - +0 animal skin
rPois    .         Spirit   .   (helmet restricted)
rElec    .         Reflect  .   (no cloak)
rCorr    .         Harm     .   (gloves unavailable)
MR       .....                  (boots unavailable)
Stlth    +.........             (no amulet)
HPRegen  0.52/turn              (no ring)
MPRegen  0.08/turn              (no ring)

@: no status effects
A: large, unfitting armour, claws 3, fast metabolism 3, gourmand, regeneration
1, shaggy fur 1, tough skin 2
a: Berserk, Trog's Hand, Burn Spellbooks, Renounce Religion


You were on level 2 of the Dungeon.
You worshipped Trog.
Trog was pleased with you.
You were very full.

You visited 1 branch of the dungeon, and saw 2 of its levels.

You collected 52 gold pieces.

Inventory:

Hand Weapons
 a - a +0 mace
 i - a +4 whip of holy wrath (weapon)
Missiles
 d - 109 stones (quivered)
 j - 20 arrows
 o - 14 bolts
Armour
 b - a +0 animal skin (worn)
Scrolls
 e - a scroll of blinking {unknown}
 f - a scroll of enchant weapon {unknown}
 g - 4 scrolls of identify {unknown}
 h - a scroll of teleportation {unknown}
 m - a scroll of enchant armour {unknown}
 p - a scroll of fear {unknown}
 q - a scroll of amnesia {unknown}
 r - 3 scrolls of remove curse {unknown}
Potions
 n - a potion of resistance {unknown}
 s - a potion of brilliance {unknown}
Comestibles
 c - 3 bread rations
 k - a meat ration


   Skills:
 - Level 2.4 Fighting
 * Level 3.9 Maces & Flails
 + Level 3.0 Dodging


You had 2 spell levels left.
You didn't know any spells.

Dungeon Overview and Level Annotations

Branches:
Dungeon (2/15)

Altars:


Innate Abilities, Weirdness & Mutations

You are too large for most types of armour.
You have claws for hands.
Your metabolism is lightning-fast.
You like to eat raw meat.
Your natural rate of healing is unusually fast.
You are covered in fur. (AC +1)
You have very tough skin. (AC +2)


Message History

Beogh smites you! The orc closely misses you.
You closely miss the orc priest.
The orc priest is moderately wounded.
The orc priest invokes the aid of Beogh against you.
Pain shoots through your body! The orc hits you with a short sword.
You barely miss the orc priest.
The orc priest is moderately wounded.
The orc closely misses you.
You hit the orc.
The orc is severely wounded.
Something hits you but does no damage. The orc hits you with a short sword.
* * * LOW HITPOINT WARNING * * *
The orc priest miscasts a cantrip.
Something hits you.
* * * LOW HITPOINT WARNING * * *
The orc hits you with a mace of holy wrath!
* * * LOW HITPOINT WARNING * * *
All of the chunks of flesh in your inventory have rotted away.
Something hits you.
You die...

#...# #......#
#.#.#### #......#
#.#....###......#
#.####...#......# #<#
###........# #.#
###....... ###.####
#....... ##......##
#....... ##..@.....##
#######. #$o........#
#......# #.ooo......#
#[...... #=.........#
#....... #....).....#
#......# #..........#
#......#
##........####......#
....................
#..........###.......


You could see an orc priest and 3 orcs.

Vanquished Creatures
  2 adders (D:2)
  An ooze (D:2)
  2 giant cockroaches
  7 goblins
  7 hobgoblins
  4 jackals (D:2)
  6 kobolds
  A quokka (D:2)
  A ball python (D:1)
  A bat (D:2)
  A frilled lizard (D:2)
33 creatures vanquished.

Notes
Turn   | Place    | Note
-------+----------+-------------------------------------------
     0 | D:1      | JackS81 the Troll Berserker began the quest for the Orb.
     0 | D:1      | Reached XP level 1. HP: 22/22 MP: 0/0
   324 | D:1      | Reached XP level 2. HP: 18/29 MP: 1/1
   766 | D:2      | Reached ** piety under Trog
   769 | D:2      | Reached XP level 3. HP: 36/36 MP: 2/2
   993 | D:2      | Slain by an orc wizard

Vault maps used:
D:1:      minmay_arrival_split_and_join
D:2:      uniq_crazy_yiuf_cottage

Skill      XL: |  1  2  3 |
---------------+----------+-----
Maces & Flails | 3 |  3.9
Dodging        | 3 |  3.0
Fighting       | |  2.4

Action                   || total
-------------------------++-------
Melee: Mace              ||    22
       Whip              ||    80
  Eat: Chunk             ||    14
Armor: Animal skin       ||    34
Dodge: Dodged            ||    52

Table legend:
 A = Spawn XP
 B = Non-spawn XP
 C = Spawn XP percentage of total XP
 D = Spawn monster count
 E = Non-spawn monster count
 F = Spawn count percentage of total count
 G = Total turns spent on level
                    A         B        C        D         E        F      G
               +---------+---------+-------+---------+---------+-------+---------
         Total |       0 |      87 |   0.0 |       0 |      33 |   0.0 |   993
               +---------+---------+-------+---------+---------+-------+---------
           D:1 |       0 |      21 |   0.0 |       0 |      12 |   0.0 |   698
           D:2 |       0 |      66 |   0.0 |       0 |      21 |   0.0 |   295
               +---------+---------+-------+---------+---------+-------+---------
